 Dungeon Sprint DCSS version 0.18.1-8-gdd0e5ea (webtiles) character file.

72 Groucho the Insei (level 4, -13/31 HPs)
             Began as an Octopode Transmuter on May 24, 2016.
             Was a High Priest of Cheibriados.
             Mangled by a gnoll sergeant
             ... wielding a +1 trident of piercing
              (16 damage)
             ... in the Dungeon (Sprint VII: "The Pits").
             The game lasted 00:02:34 (1171 turns).

Groucho the Insei (Octopode Transmuter)             Turns: 1171, Time: 00:02:35

Health: -13/31     AC:  1    Str: 23    XL:     4   Next: 26%
Magic:  9/9        EV: 15    Int: 28    God:    Cheibriados [*****.]
Gold:   0          SH:  0    Dex: 25    Spells: 3 memorised, 1 level left

rFire  . . .     SeeInvis .       - Unarmed
rCold  . . .     Gourm    .     (no shield)
rNeg   . . .     Faith    .     (helmet restricted)
rPois  .         Spirit   .     (no amulet)
rElec  .         Dismiss  .     (no ring)
rCorr  .         Reflect  .     (no ring)
SustAt .         Harm     .     (no ring)
MR     .....     NoTele   +     (no ring)
Stlth  ++++......               (no ring)
                                (no ring)
                                (no ring)
                                (no ring)

@: appendage, very slow, not resistant to hostile enchantments, stealthy
A: almost no armour, amphibious, 8 rings, constrict 8, tentacle spike 3,
camouflage 1, gelatinous body 1
a: End Transformation, Bend Time, Temporal Distortion, Slouch, Step From Time,
Renounce Religion


You were in the Dungeon.
You worshipped Cheibriados.
Cheibriados was extremely pleased with you.
You were not hungry.
One of your tentacles had a temporary spike.
You visited 1 branch

Inventory:

Missiles
 a - 12 arrows
 o - 9 stones (quivered)
 p - 4 tomahawks
Scrolls
 l - 3 scrolls of remove curse
 m - 5 scrolls of amnesia
 n - a scroll of summoning
Potions
 f - a potion of haste
 g - 4 potions of magic
 h - 3 potions of berserk rage
 k - a potion of invisibility
Books
 b - a book of Changes

   Spells                             Type                      Level
   a - Beastly Appendage              Transmutation                1
   b - Sticks to Snakes               Transmutation                2
   c - Spider Form                    Transmutation/Poison         3
   d - Ice Form                       Ice/Transmutation            4
   e - Blade Hands                    Transmutation                5
Comestibles
 c - 8 bread rations
 d - 40 fruits
 j - 7 meat rations


   Skills:
 * Level 3.1 Fighting
 * Level 3.7 Dodging
 + Level 2.8 Stealth
 * Level 4.4 Unarmed Combat
 * Level 3.4 Spellcasting
 * Level 3.4 Transmutations
 + Level 0.2 Ice Magic
 + Level 0.0 Poison Magic
 * Level 2.6 Invocations


You had one spell level left.
You knew the following spells:

 Your Spells              Type           Power        Failure   Level  Hunger
a - Beastly Appendage     Trmt           ###...       1%          1    None
b - Spider Form           Trmt/Pois      ##........   12%         3    ##.....
c - Ice Form              Ice/Trmt       ##......     38%         4    ####...


Dungeon Overview and Level Annotations

Branches:
Dungeon (1/1)

Altars:
Ashenzari
Cheibriados
Dithmenos
Elyvilon
Fedhas
Gozag
Kikubaaqudgha
Makhleb
Nemelex Xobeh
Okawaru
Pakellas
Qazlal
Ru
Sif Muna
Trog
Vehumet
Xom
Yredelemnul
Zin
The Shining One
Beogh
Jiyva
Lugonu


Innate Abilities, Weirdness & Mutations

You cannot wear most types of armour.
You are amphibious.
You can wear up to eight rings at the same time.
You can use your tentacles to constrict eight enemies at once.
Your skin changes colour to match your surroundings (Stealth).
Your rubbery body absorbs attacks (AC +1).
One of your tentacles bears a large vicious spike.


Message History

Cheibriados appreciates the change of pace.
Cheibriados raises the support of your attributes as your movement slows.
You constrict the gnoll sergeant.
The gnoll sergeant hits you with a trident of piercing!
* * * LOW HITPOINT WARNING * * *
x2 Drink which item? (? for menu, Esc to quit)
Okay, then.
You tentacle-slap the gnoll sergeant but do no damage.
You pierce the gnoll sergeant, but do no damage.
Your squeeze misses the gnoll sergeant.
The gnoll sergeant is moderately wounded.
You constrict the gnoll sergeant, but do no damage.
The gnoll sergeant closely misses you.
You tentacle-slap the gnoll sergeant but do no damage.
You pierce the gnoll sergeant, but do no damage.
The gnoll sergeant is moderately wounded.
You constrict the gnoll sergeant.
The gnoll sergeant hits you with a trident of piercing!
Ouch! That really hurt!
You die...

#_#####'##############
#_#)))'.'..##.........
#_#)))#.#?|##......#..
#######+#####.........
#.......รท...'.........
#+#####'#####......#..
#...#.# #.........
#...#.# ####'#####
#..@'.# #.......#
##g#### #.......#
#.))..# #.......#
#..l..# #...<...#
#....... #.......#
#........##.......#
###########.......#
#########


You could see a gnoll sergeant.

Vanquished Creatures
  4 gnolls (D)
  A river rat (D)
  An ufetubus (D)
  An ooze (D)
  An orc (D)
  8 jackals (D)
  A giant newt (D)
17 creatures vanquished.

Notes
Turn   | Place    | Note
--------------------------------------------------------------
     0 | D        | Groucho the Octopode Transmuter began the quest for the Orb.
     0 | D        | Reached XP level 1. HP: 13/13 MP: 3/3
    15 | D        | Reached skill level 1 in Stealth
    15 | D        | Reached XP level 2. HP: 11/19 MP: 3/5
    38 | D        | Found a sacrificial altar of Ru.
    38 | D        | Found a shadowy altar of Dithmenos.
    38 | D        | Found a bloodstained altar of Trog.
    38 | D        | Found a deep blue altar of Sif Muna.
    38 | D        | Found a shimmering altar of Xom.
    38 | D        | Found a sparkling altar of Nemelex Xobeh.
    38 | D        | Found a corrupted altar of Lugonu.
    38 | D        | Found a viscous altar of Jiyva.
    39 | D        | Found a basalt altar of Yredelemnul.
    39 | D        | Found a glowing golden altar of the Shining One.
    39 | D        | Found a shattered altar of Ashenzari.
    39 | D        | Found a white marble altar of Elyvilon.
    39 | D        | Found a snail-covered altar of Cheibriados.
    39 | D        | Found a blossoming altar of Fedhas.
    39 | D        | Found a radiant altar of Vehumet.
    39 | D        | Found a burning altar of Makhleb.
    39 | D        | Found an ancient bone altar of Kikubaaqudgha.
    39 | D        | Found a glowing silver altar of Zin.
    39 | D        | Found a roughly hewn altar of Beogh.
    39 | D        | Found an iron altar of Okawaru.
    40 | D        | Found an oddly glowing altar of Pakellas.
    44 | D        | Became a worshipper of Cheibriados the Contemplative
    49 | D        | Found a stormy altar of Qazlal.
    49 | D        | Found an opulent altar of Gozag.
    66 | D        | Reached * piety under Cheibriados
   518 | D        | Reached ** piety under Cheibriados
   523 | D        | Reached *** piety under Cheibriados
   733 | D        | Noticed a gnoll sergeant
   743 | D        | Reached skill level 1 in Invocations
   743 | D        | Reached XP level 3. HP: 18/25 MP: 5/7
   749 | D        | Reached **** piety under Cheibriados
   749 | D        | Reached skill level 4 in Unarmed Combat
   752 | D        | Reached XP level 4. HP: 6/31 MP: 6/8
   753 | D        | Reached ***** piety under Cheibriados
  1127 | D        | Learned a level 3 spell: Spider Form
  1132 | D        | Learned a level 4 spell: Ice Form
  1171 | D        | Mangled by a gnoll sergeant

Skill      XL: |  1  2  3 |
---------------+----------+-----
Fighting       | 2 3 |  3.1
Stealth        | 1 2 |  2.8
Spellcasting   | 3 |  3.4
Dodging        | 3 |  3.7
Invocations    | 1 2 |  2.6
Unarmed Combat | 4 |  4.4
Transmutations | 3 |  3.4
Ice Magic      | |  0.2

Action                   |  1- 3 |  4- 6 || total
-------------------------+-------+-------++-------
Melee: Unarmed           |    31 |    12 ||    43
       Constrict         |     8 |     3 ||    11
       Kick              |     9 |     6 ||    15
       Tentacles         |     5 |     4 ||     9
       Punch             |     2 |     1 ||     3
Throw: Stone             |     1 |       ||     1
 Cast: Beastly Appendage |     2 |     1 ||     3
  Use: Potion            |     3 |       ||     3
       Scroll            |       |     1 ||     1
 Stab: Invisible         |     3 |     3 ||     6
Dodge: Dodged            |    36 |    13 ||    49
